 Seeded DCSS version 0.28-a0-1235-g7c8fac35f0 (webtiles) character file.

Game seed: 11023650935340118060 (custom seed)

1467 croobank the Cudgeller (level 8, 0/48 HPs)
             Began as a Gargoyle Delver on Dec 24, 2021.
             Was an Initiate of Yredelemnul.
             Slain by a slime creature (14 damage)
             ... on level 5 of the Dungeon.
             The game lasted 00:42:53 (8888 turns).

croobank the Cudgeller (Gargoyle Delver)            Turns: 8888, Time: 00:42:53

Health: 0/48       AC:  9    Str: 22    XL:     8   Next: 77%
Magic:  10/10      EV: 12    Int: 10    God:    Yredelemnul [......]
Gold:   223        SH:  0    Dex: 11    Spells: 9/10 levels left

rFire   x . .      SeeInvis .   a - +0 club (spect)
rCold   . . .      Faith    .   (no shield)
rNeg    + . .      Spirit   .   k - +0 robe "Tecy" {+Inv rF- Str+3 Stlth+}
rPois   ∞          Reflect  .   (no helmet)
rElec   +          Harm     .   (no cloak)
rCorr   .          Rampage  .   w - +1 pair of gloves
Will    .....                   (no boots)
Stlth   ++++......              B - amulet of magic regeneration
HPRegen 0.16/turn               h - ring of wizardry
MPRegen 0.52/turn               (no ring)

@: no status effects
A: sickness immunity, AC +5, negative energy resistance 1, electricity
resistance, torment resistance 1, petrification resistance
a: Renounce Religion, Evoke Invisibility, Recall Undead Harvest


You were on level 5 of the Dungeon.
You worshipped Yredelemnul.
Yredelemnul was noncommittal.
You visited 1 branch of the dungeon, and saw 5 of its levels.

You collected 223 gold pieces.

Inventory:

Hand Weapons
 a - a +0 spectral club (weapon)
 b - a +0 longbow
 d - a +0 spear
 f - a +0 great sword of venom
 l - a +0 halberd
 F - a +0 short sword of speed
Missiles
 i - 281 stones (quivered)
 n - 32 sling bullets
 t - 26 poisoned darts
 u - 34 arrows
Armour
 j - a +0 scale mail
 k - the +0 robe "Tecy" (worn) {+Inv rF- Str+3 Stlth+}
   (You found it on level 5 of the Dungeon)

   Str:       It affects your strength (+3).
   rF:        It makes you vulnerable to fire.
   +Inv:      It lets you turn invisible.
   Stlth:     It makes you more stealthy.
 o - a +0 chain mail
 q - a +0 plate armour
 w - a +1 pair of gloves (worn)
 y - a +0 leather armour
Magical Staves
 r - a staff of air
Jewellery
 h - a ring of wizardry (left hand)
 B - an amulet of magic regeneration (around neck)
 E - the ring "Qiamiesm" {Ice Dex+4}
   (You found it on level 5 of the Dungeon)

   [ring of ice]

   It enhances your ice magic.
   Dex:       It affects your dexterity (+4).
   rF:        It makes you vulnerable to fire.
   rC:        It protects you from cold.
Wands
 g - a wand of digging (1)
Scrolls
 c - a scroll of fog
 e - a scroll of amnesia {amensia, unknown}
 m - 2 scrolls of vulnerability {vulnerability, unknown}
 s - 3 scrolls of identify {identify, unknown}
 v - 2 scrolls of brand weapon {brand weapon, unknown}
 A - a scroll of teleportation
 C - 2 scrolls of enchant armour {enchant armour, unknown}
 D - 2 scrolls of holy word {holy word, unknown}
Potions
 p - a potion of magic {magic, unknown}
 x - 2 potions of heal wounds {heal wounds}
 z - a potion of attraction {attraction, unknown}


   Skills:
 - Level 4.7 Fighting
 - Level 7.6 Maces & Flails
 - Level 3.3 Polearms
 - Level 3.0 Dodging
 - Level 6.6 Stealth
 + Level 1.9 Spellcasting
 + Level 1.9 Translocations


You had 9 spell levels left.
You knew the following spells:

 Your Spells              Type           Power      Damage    Failure   Level
a - Summon Small Mammal   Summ           0%         N/A       13%         1

Your spell library contained the following spells:

 Spells                   Type           Power      Damage    Failure   Level
 Apportation              Tloc           8%         N/A       6%          1
 Animate Skeleton         Necr           0%         N/A       13%         1
 Gell's Gravitas          Tloc           4%         N/A       16%         3
 Lesser Beckoning         Tloc           4%         N/A       16%         3
 Teleport Other           Tloc           4%         N/A       16%         3


Dungeon Overview and Level Annotations

Branches:
Dungeon (5/15)
 Temple: D:4-7

Altars:
Elyvilon
Sif Muna
Vehumet
Yredelemnul


Innate Abilities, Weirdness & Mutations

You are immune to sickness and miasma.
Your stone body is resilient. (AC +5)
You are immune to poison.
You resist negative energy. (rN+)
You are resistant to electric shocks. (rElec)
You are resistant to unholy torment.
You are immune to petrification.


Message History

The jelly eats the door!
You see here a +0 dagger.
You hear a slurping noise.
The jelly eats the door!
Things that are here:
a +0 dagger; 3 poisoned darts; a +0 dagger Nothing appears to have answered your call.
The slime creature jiggles.
Nothing appears to have answered your call.
There is a stone staircase leading up here.
You climb upwards.
There is a stone staircase leading down here.
You start resting.
HP restored.
You climb downwards.
The slime creature hits you! The jelly hits you but does no damage.
The slime creature hits you!
There is a stone staircase leading up here.
You hit the slime creature but do no damage.
Your +0 spectral club hits the slime creature.
The jelly closely misses you.
You hit the slime creature.
The slime creature is lightly wounded.
Your +0 spectral club hits the slime creature.
The slime creature hits you. The endoplasm freezes you.
You are frozen.
The jelly closely misses you.
You barely miss the slime creature.
The slime creature is lightly wounded.
Your +0 spectral club hits the slime creature.
The slime creature closely misses you. The endoplasm closely misses you.
The jelly hits you.
You are splashed with acid!
* * * LOW HITPOINT WARNING * * *
Okay, then.
The endoplasm hits you but does no damage.
There is a stone staircase leading down here.
There is a stone staircase leading down here.
Okay, then.
The slime creature hits you!
You die...
Your body rises from the dead as a mindless zombie.

#####.#..###..##..#### #.#
#.....#.## ##........# #.#
#.###>##.###..##..##.# #.#
#.# #..J..#.#.##..##.# #.#
#J# ###..#.###....##.# #.#
#######.#
###.###.##.###.####.#
..J.J.J.#
##.#..............#
#########
#J.############### # ######
#@.# ########)...####..#
........))....##..#
##.#######..+###..# ##.#
##.).####.#
##.######.[...###.#
......##.......##.#
......##.......##.#########
##.#####.......##..[......#


You could see a slime creature.

Vanquished Creatures
  2 black bears
  2 ogres (D:4)
  2 phantoms
  A kobold brigand (D:5)
  A scorpion (D:5)
  Dowan (D:4)
  A jelly (D:5)
  An orc priest (D:3)
  3 hounds
  Jessica (D:2)
  A bullfrog skeleton (D:5)
  Natasha (thrice) (D:2)
  2 iguanas
  An orc wizard (D:3)
  A killer bee zombie (D:5)
  5 adders
  9 gnolls
  4 worms
  2 dart slugs
  8 orcs (D:3)
  6 ball pythons
  9 endoplasms
  5 giant cockroaches
  4 goblins
  11 hobgoblins
  9 jackals
  10 kobolds
  6 quokkas
  4 bats (D:1)
  3 frilled lizards
  4 rats
122 creatures vanquished.

Vanquished Creatures (collateral kills)
  Duvessa (D:4)
  A bullfrog skeleton (D:4)
  A hound zombie (D:5)
  2 gnolls
  4 kobolds (D:5)
9 creatures vanquished.

Vanquished Creatures (others)
  2 black bear zombies
  An ogre zombie (D:4)
  3 hound zombies
  A worm zombie (D:4)
  An endoplasm (D:4)
  A giant cockroach (D:4)
  2 kobold zombies (D:5)
  An orc zombie (D:3)
  A spectral endoplasm (D:4)
  A fungus (D:5)
  6 toadstools (D:5)
20 creatures vanquished.

Grand Total: 151 creatures vanquished

Notes
Turn   | Place    | Note
-------+----------+-------------------------------------------
     0 | D:5      | croobank the Gargoyle Delver began the quest for the Orb.
     0 | D:5      | Reached XP level 1. HP: 14/14 MP: 1/1
   192 | D:5      | Identified the +0 robe "Tecy" {+Inv rF- Str+3 Stlth+}
   206 | D:5      | Noticed an iguana
   234 | D:4      | Noticed an iguana
   383 | D:1      | Reached XP level 2. HP: 19/19 MP: 2/2
   937 | D:1      | Reached XP level 3. HP: 22/23 MP: 3/3
  1704 | D:2      | Reached XP level 4. HP: 23/29 MP: 4/4
  1839 | D:2      | Found a faded altar of an unknown god.
  1919 | D:2      | Noticed Natasha
  2323 | D:2      | Killed Natasha
  2519 | D:2      | Noticed Natasha
  2533 | D:2      | HP: 1/29 [Natasha/magic dart (2)]
  2549 | D:2      | Noticed Jessica
  2942 | D:2      | Killed Jessica
  2943 | D:2      | Reached XP level 5. HP: 17/33 MP: 5/5
  3092 | D:2      | Killed Natasha
  3246 | D:2      | You fall into a shaft and drop 2 floors!
  3256 | D:4      | Noticed an ogre
  3448 | D:2      | Noticed Natasha
  3455 | D:2      | Killed Natasha
  4207 | D:3      | Reached XP level 6. HP: 33/39 MP: 6/6
  4449 | D:3      | Found a shimmering blue altar of Sif Muna.
  4449 | D:3      | Found a basalt altar of Yredelemnul.
  4449 | D:3      | Found a white marble altar of Elyvilon.
  4877 | D:3      | Became a worshipper of Yredelemnul the Dark
  4911 | D:3      | Reached skill level 1 in Maces & Flails
  5257 | D:3      | Reached * piety under Yredelemnul
  5433 | D:4      | Noticed Duvessa
  5438 | D:4      | Noticed Dowan
  5454 | D:3      | Reached skill level 2 in Maces & Flails
  5454 | D:3      | Reached XP level 7. HP: 31/44 MP: 7/7
  5900 | D:4      | Learned a level 1 spell: Summon Small Mammal
  5913 | D:4      | Reached skill level 3 in Maces & Flails
  6146 | D:4      | Reached skill level 4 in Maces & Flails
  6517 | D:5      | Reached skill level 5 in Maces & Flails
  6947 | D:4      | Found a radiant altar of Vehumet.
  7013 | D:4      | Reached skill level 6 in Maces & Flails
  7013 | D:4      | Reached XP level 8. HP: 48/48 MP: 8/8
  7064 | D:4      | Killed Duvessa
  7224 | D:4      | Killed Dowan
  7876 | D:5      | Reached skill level 7 in Maces & Flails
  8172 | D:5      | Identified the ring "Qiamiesm" {Ice Dex+4}
  8451 | D:5      | Reached skill level 1 in Spellcasting
  8451 | D:5      | Reached skill level 1 in Translocations
  8631 | D:5      | Noticed a slime creature
  8888 | D:5      | Slain by a slime creature

Illustrated notes

Levels and vault maps discovered:
D:1:      mainiacjoe_arrival_reflecting_pool, layout_loops_corners,
          minmay_split_cup_large
D:2:      layout_basic, basic_ecumenical_altar, minmay_tetromino_s4,
          uniq_jessica, uniq_natasha
D:3:      layout_rooms, gammafunk_temple_overflow_claw
D:4:      layout_basic, fiery_altar_vehumet, uniq_duvessa
D:5:      cheibrodos_fertilizer, layout_loops_ring

Skill      XL: |  1  2  3  4  5  6  7  8 |
---------------+-------------------------+-----
Polearms       | 2 3 |  3.3
Dodging        | 2 3 |  3.0
Fighting       | 4 |  4.7
Stealth        | 6 |  6.6
Maces & Flails | 2 6 7 |  7.6
Spellcasting   | 1 |  1.9
Translocations | 1 |  1.9

Action                   |  1- 3 |  4- 6 |  7- 9 || total
-------------------------+-------+-------+-------++-------
Melee: Spear             |   117 |   104 |       ||   221
       Club              |       |    97 |   145 ||   242
 Fire: Longbow           |       |       |     6 ||     6
Throw: Stone             |    14 |    70 |    19 ||   103
 Cast: Summon Small Mamm |       |       |    10 ||    10
Invok: Recall Undead Har |       |       |     3 ||     3
Evoke: Wand              |     2 |       |       ||     2
  Use: Scroll            |     2 |     5 |       ||     7
       Potion            |       |     4 |     1 ||     5
 Stab: Sleeping          |     9 |     2 |     4 ||    15
       Distracted        |       |     2 |     2 ||     4
Armor: Robe              |    31 |    56 |    43 ||   130
Dodge: Dodged            |    62 |   113 |    95 ||   270

Table legend: (Time is in decaauts)
 A = Elapsed time spent in this place.
 B = Non-inter-level travel time spent in this place.
 C = Inter-level travel time spent in this place.
 D = Time resting spent in this place.
 E = Time spent auto-exploring this place.
 F = Levels seen in this place.
 G = Mean time per level.
                   A        B        C        D        E       F      G
               +--------+--------+--------+--------+--------+-----+--------+
         Total |   8937 |   8792 |    145 |   3686 |   2989 |   5 | 1787.4 |
       Dungeon |   8937 |   8792 |    145 |   3686 |   2989 |   5 | 1787.4 |
               +--------+--------+--------+--------+--------+-----+--------+

Top non-repeatable levels by time:
     D:2: 2257 daAuts
     D:4: 2060 daAuts
     D:3: 1965 daAuts
     D:1: 1375 daAuts
     D:5: 1277 daAuts
